 Dungeon Crawl Stone Soup version 0.24.0-28-g17ded55e90 (webtiles) character file.

Game seed: 13313402557084351194, levelgen mode: deterministic

7517 PentaManta the Covert (level 11, -2/64 HPs)
             Began as an Octopode Assassin on Nov 11, 2019.
             Was a High Priest of Uskayaw.
             Slain by Grum
             ... wielding a +1 vampiric spear
              (15 damage)
             ... on level 9 of the Dungeon.
             The game lasted 00:29:07 (9308 turns).

PentaManta the Covert (Octopode Assassin)           Turns: 9308, Time: 00:29:07

Health: -2/64      AC:  1    Str: 10    XL:     11   Next: 16%
Magic:  11/11      EV: 24    Int: 19    God:    Uskayaw [*****.]
Gold:   248        SH: 12    Dex: 22    Spells: 10/10 levels left

rFire    + . .     SeeInvis .   y - +4 rapier "PentaManta's Curse" {elec, rElec Int+2 Dex+4}
rCold    . . .     Gourm    .   x - +1 shield
rNeg     + . .     Faith    .   (helmet restricted)
rPois    .         Spirit   .   (no amulet)
rElec    +         Reflect  .   o - ring of protection from magic
rCorr    +         Harm     .   p - ring of resist corrosion
MR       +....                  r - ring of protection from fire
Stlth    ++++++....             g - +4 ring of intelligence
HPRegen  0.20/turn              h - +3 ring of evasion
MPRegen  0.12/turn              a - ring of positive energy
                                i - ring of flight
                                (no ring)

@: no status effects
A: almost no armour, stealthy swim, amphibious, 8 rings, constrict 8, camouflage
1, gelatinous body 1
a: Stomp, Line Pass, Grand Finale, Renounce Religion, Evoke Flight


You were on level 9 of the Dungeon.
You worshipped Uskayaw.
Uskayaw was noncommittal.
You were not hungry.

You visited 2 branches of the dungeon, and saw 10 of its levels.
You also visited: Ossuary.

You collected 548 gold pieces.
You spent 300 gold pieces at shops.

Inventory:

Hand Weapons
 e - a +2 short sword of draining
 v - a +0 hunting sling
 y - the +4 rapier "PentaManta's Curse" (weapon) {elec, rElec Int+2 Dex+4}
   (You found it on level 7 of the Dungeon)

   Occasionally, upon striking a foe, it will discharge some electrical energy
   and cause terrible harm.
   It affects your intelligence (+2).
   It affects your dexterity (+4).
   It insulates you from electricity.
Missiles
 b - 8 poisoned darts (quivered)
 w - 148 stones
 F - 2 throwing nets
Armour
 x - a +1 shield (worn)
Jewellery
 a - a ring of positive energy (on tentacle)
 g - a +4 ring of intelligence (on tentacle)
 h - a +3 ring of evasion (on tentacle)
 i - a ring of flight (on tentacle)
 o - a ring of protection from magic (left tentacle)
 p - a ring of resist corrosion (right tentacle)
 r - a ring of protection from fire (on tentacle)
Wands
 c - a wand of acid (15)
 s - a wand of digging (4)
 B - a wand of scattershot (2)
 E - a wand of flame (15)
Scrolls
 f - 10 scrolls of remove curse
 j - 3 scrolls of enchant armour
 k - 4 scrolls of identify
 n - a scroll of teleportation
 u - 5 scrolls of magic mapping
 D - 2 scrolls of blinking
Potions
 l - 2 potions of resistance
 m - a potion of mutation
 q - 2 potions of curing
 t - 2 potions of ambrosia
 z - 3 potions of haste
 A - 2 potions of berserk rage
 C - a potion of flight {unknown}
Comestibles
 d - 18 rations
 G - 4 chunks of flesh


   Skills:
 - Level 2.0 Fighting
 + Level 7.3 Short Blades
 - Level 2.0 Throwing
 * Level 10.1 Dodging
 + Level 11.2 Stealth
 * Level 9.3 Shields


You had 10 spell levels left.
You didn't know any spells.
Your spell library contained the following spells:

 Spells                   Type           Power        Failure   Level  Hunger
 Confusing Touch          Hex            #.....       38%         1    ##.....
 Confuse                  Hex            #.......     77%         3    ####...
 Gell's Gravitas          Tloc           #.........   77%         3    ####...
 Petrify                  Tmut/Erth      #.......     99%         4    #####..
 Metabolic Englaciation   Hex/Ice        #.........   100%        5    ######.
 Yara's Violent Unravell  Hex/Tmut       #.........   100%        5    ######.


Dungeon Overview and Level Annotations

Branches:
Dungeon (9/15)             Temple (1/1) D:7            Lair (0/6) D:8
Ossuary (visited)
    Orc: D:9-12

Altars:
Ashenzari
Cheibriados
Elyvilon
Fedhas
Gozag
Hepliaklqana
Kikubaaqudgha
Makhleb
Nemelex Xobeh
Okawaru
Ru
Sif Muna
Trog
Uskayaw
Vehumet
Wu Jian
Xom
The Shining One

Shops:
D:7 =   D:8 *

Annotations:
D:9 Grum


Innate Abilities, Weirdness & Mutations

You cannot wear most types of armour.
You are very stealthy in the water. (Stealth+)
You are amphibious.
You can wear up to eight rings at the same time.
You can use your tentacles to constrict eight enemies at once.
Your skin changes colour to match your surroundings (Stealth+).
Your rubbery body absorbs attacks. (AC +1, EV +1)


Message History

Grum closely misses you.
Grum is no longer sharing his pain.
Grum barely misses you.
Things that are here:
a wolf corpse; a black bear corpse You closely miss Grum.
You grab Grum. You squeeze Grum, but do no damage.
Grum is moderately wounded.
You constrict Grum, but do no damage.
Grum hits you with a +1 vampiric spear!!
Grum draws strength from your wounds!
You hit Grum. You squeeze Grum.
Grum is moderately wounded.
You constrict Grum. You hit Grum. Lightning courses through Grum!
Grum is severely wounded.
You constrict Grum. Grum hits you with a +1 vampiric spear!
* * * LOW HITPOINT WARNING * * *
You hit Grum.
Grum is almost dead.
You constrict Grum. Grum hits you with a +1 vampiric spear!
You die...

##.## ...#
##.##########..####.#
.....................
...#########...#####.#.#
.. ....### #..## ...# .
###...# #...## #..# .##
###....# #....## #.[##
...# ###.# #.#...##
...##...# # ...#)@g.#
#.......
#...##.....#...#
.....####.......#
..........!....#.#
####............#.#
.......#.....#.#
.....#.....#.o
.#######...### #....


You could see Grum.

Vanquished Creatures
  Harold (D:7)
  A two-headed ogre (D:8)
  2 death yaks
  2 trolls (D:9)
  Grinder (D:5)
  A hippogriff (D:7)
  A wyvern (D:9)
  Edmund (D:6)
  A porcupine (D:8)
  2 orc warriors
  An ice beast (D:5)
  A black bear (D:9)
  A necrophage (D:6)
  An eye of draining (D:9)
  A phantom (D:8)
  3 wolves (D:9)
  4 ogres
  3 centaurs
  2 bullfrogs
  An elf zombie (Ossuary)
  2 water moccasin zombies
  3 killer bees (D:8)
  5 wights (D:6)
  A howler monkey (D:8)
  6 crimson imps
  2 bullfrog zombies (D:5)
  4 jellies
  2 gnoll shamans
  5 orc priests
  Crazy Yiuf (D:6)
  A bullfrog skeleton (D:5)
  A hound (D:5)
  A human zombie (Ossuary)
  9 orc wizards
  3 iguanas
  A hell rat (D:8)
  6 worker ants
  A big kobold zombie (Ossuary)
  2 hound skeletons
  5 mummies
  11 gnolls
  A howler monkey skeleton (D:5)
  13 adders
  3 river rats (D:8)
  2 shadow imps
  An ooze (D:2)
  3 adder skeletons
  An adder zombie (Ossuary)
  2 worms (D:3)
  5 dart slugs
  3 leopard geckos
  22 orcs
  3 bats (D:1)
  6 giant cockroaches
  6 goblins
  6 hobgoblins
  8 jackals
  5 kobolds
  7 quokkas
  A ball python (D:1)
  8 frilled lizards
  3 hobgoblin zombies (Ossuary)
  2 kobold zombies (Ossuary)
  3 orc zombies (Ossuary)
  A quokka skeleton (D:6)
  10 rats
228 creatures vanquished.

Vanquished Creatures (others)
  5 toadstools (D:1)
5 creatures vanquished.

Grand Total: 233 creatures vanquished

Notes
Turn   | Place    | Note
-------+----------+-------------------------------------------
     0 | D:1      | PentaManta the Octopode Assassin began the quest for the
                  | Orb.
     0 | D:1      | Reached XP level 1. HP: 14/14 MP: 1/1
   107 | D:1      | Reached XP level 2. HP: 16/19 MP: 2/2
   552 | D:1      | Reached XP level 3. HP: 20/24 MP: 3/3
  1184 | D:2      | Reached XP level 4. HP: 29/29 MP: 4/4
  1450 | D:3      | Reached skill level 6 in Stealth
  1922 | D:3      | Reached XP level 5. HP: 19/34 MP: 5/5
  2280 | D:3      | HP: 1/34 [poisoned by an adder]
  2719 | D:4      | You fall into a shaft and drop 2 floors!
  2733 | D:6      | Reached skill level 1 in Shields
  2733 | D:6      | Reached XP level 6. HP: 38/39 MP: 6/6
  2804 | D:6      | Noticed a necrophage
  2814 | D:6      | Killed a necrophage
  2814 | D:6      | Reached skill level 7 in Stealth
  2929 | D:5      | Entered Level 5 of the Dungeon
  2936 | D:5      | Noticed an ice beast
  2952 | D:5      | Killed an ice beast
  2952 | D:5      | Reached XP level 7. HP: 34/45 MP: 7/7
  3098 | D:5      | Found an ornate altar of the Wu Jian Council.
  3124 | D:5      | Reached skill level 5 in Dodging
  3789 | D:5      | Reached XP level 8. HP: 50/50 MP: 8/8
  3868 | D:5      | Noticed Grinder
  3875 | D:5      | Killed Grinder
  3875 | D:5      | Reached skill level 8 in Stealth
  4257 | D:5      | Found a snail-covered altar of Cheibriados.
  4325 | D:4      | Reached skill level 5 in Shields
  4440 | D:4      | Reached skill level 5 in Short Blades
  4479 | D:4      | Found a sacrificial altar of Ru.
  4965 | D:6      | Noticed Edmund
  4966 | D:6      | Killed Edmund
  4966 | D:6      | Reached XP level 9. HP: 54/54 MP: 9/9
  5241 | D:6      | Found a runed translucent door.
  5242 | D:6      | Noticed Crazy Yiuf
  5292 | D:6      | Reached skill level 9 in Stealth
  5457 | D:7      | Found an opulent altar of Gozag.
  5478 | D:7      | Found a staircase to the Ecumenical Temple.
  5484 | Temple   | Entered the Ecumenical Temple
  5503 | Temple   | Became a worshipper of Uskayaw the Reveler
  5525 | D:7      | Found a sand-covered staircase.
  5534 | Ossuary  | Entered an ossuary
  5546 | Ossuary  | Reached * piety under Uskayaw
  5552 | Ossuary  | Reached ** piety under Uskayaw
  5559 | Ossuary  | Reached *** piety under Uskayaw
  5828 | D:7      | Reached **** piety under Uskayaw
  5833 | D:7      | Reached ***** piety under Uskayaw
  6110 | D:7      | Noticed Harold
  6126 | D:7      | Killed Harold
  6126 | D:7      | Reached XP level 10. HP: 52/60 MP: 10/10
  6507 | D:6      | Killed Crazy Yiuf
  6596 | D:7      | Found a shattered altar of Ashenzari.
  6596 | D:7      | Found an iron altar of Okawaru.
  6720 | D:7      | Reached skill level 10 in Stealth
  6825 | D:7      | Found Fuqe's Jewellery Shoppe.
  6949 | D:7      | Got a smoking rapier
  6960 | D:7      | Identified the +4 rapier "PentaManta's Curse" {elec, rElec
                  | Int+2 Dex+4} (You found it on level 7 of the Dungeon)
  7126 | D:8      | Noticed a death yak
  7128 | D:8      | Found a staircase to the Lair.
  7129 | D:8      | Noticed a death yak
  7130 | D:8      | Noticed a death yak
  7459 | D:6      | Killed a death yak
  7990 | D:8      | Found Redghavapp's Assorted Antiques.
  8375 | D:8      | HP: 1/60 [orc/boomerang (6)]
  8391 | D:8      | Killed a death yak
  8776 | D:8      | Noticed a two-headed ogre
  8784 | D:8      | Killed a two-headed ogre
  8986 | D:8      | Found a shimmering blue altar of Sif Muna.
  8988 | D:8      | Found a snail-covered altar of Cheibriados.
  8997 | D:8      | Found a bloodstained altar of Trog.
  8997 | D:8      | Found a shimmering altar of Xom.
  8997 | D:8      | Found a glowing golden altar of the Shining One.
  9000 | D:8      | Found a hazy altar of Hepliaklqana.
  9002 | D:8      | Found a burning altar of Makhleb.
  9037 | D:8      | Reached XP level 11. HP: 60/64 MP: 11/11
  9074 | D:8      | Bought a wand of acid (7) for 200 gold pieces
  9074 | D:8      | Bought a brass wand for 100 gold pieces
  9111 | D:9      | Reached skill level 11 in Stealth
  9201 | D:9      | Reached skill level 10 in Dodging
  9283 | D:9      | Noticed Grum
  9308 | D:9      | Slain by Grum

Levels and vault maps discovered:
D:1:      ldierk_walled_garden, layout_basic
D:2:      layout_basic
D:3:      layout_basic, kennysheep_generic_room_2
D:4:      layout_cave_pools, nicolae_ru_the_path_less_chosen, first_ration
D:5:      layout_rooms, marbit_many_paths, nicolae_sextant,
          kennysheep_slug_shrine, uniq_grinder
D:6:      layout_basic, kennysheep_generic_room_4, uniq_crazy_yiuf_cottage,
          uniq_edmund
D:7:      layout_gridville, lemuel_round_altar, grunt_gozag_statues,
          overflow_temple_1_default, minmay_temple_entry_statues_pillars,
          gup_ossuary_entry_pyramid, serial_shops, kennysheep_mini, uniq_harold
D:8:      layout_rooms, minitemple, dpeg_lair_monsters, serial_shops,
          nicolae_shop_trees, grunt_ogre_cave
D:9:      layout_rooms, yredelemnul_forgotten_temple_becter, uniq_grum
Temple:   compressed_dpeg_triangle_lava_temple

Skill      XL: |  1  2  3  4  5  6  7  8  9 10 11 |
---------------+----------------------------------+-----
Dodging        | 2 3 4 5 6 8 9 10 | 10.1
Stealth        | 6 7 8 9 10 11 | 11.2
Short Blades   | 3 4 5 6 7 |  7.3
Shields        | 1 2 3 5 7 8 9 |  9.3
Fighting       | |  2.0
Throwing       | |  2.0

Action                   |  1- 3 |  4- 6 |  7- 9 | 10-12 || total
-------------------------+-------+-------+-------+-------++-------
Melee: Short sword       |    41 |   109 |   262 |    42 ||   454
       Dagger            |     2 |       |       |       ||     2
       Tentacles         |     3 |    24 |    59 |    27 ||   113
       Constrict         |     4 |    25 |    64 |    20 ||   113
       Rapier            |       |       |       |   108 ||   108
Throw: Dart              |       |     2 |     2 |    35 ||    39
Invok: Line Pass         |       |       |       |     2 ||     2
  Use: Scroll            |       |    12 |    10 |     2 ||    24
       Potion            |       |       |     1 |     4 ||     5
 Stab: Sleeping          |    16 |    11 |    19 |    19 ||    65
       Distracted        |       |     1 |     1 |     2 ||     4
       Paralysed         |       |       |     5 |     5 ||    10
  Eat: Chunk             |       |     5 |    12 |     7 ||    24
       Ration            |       |       |       |     1 ||     1
Armor: Skin              |     3 |     7 |     2 |     2 ||    14
Dodge: Dodged            |    11 |    56 |   126 |   121 ||   314
Block: Shield            |       |    11 |   112 |    98 ||   221
